 Dungeon Crawl Stone Soup version 0.27.0-1-g7a089689b8 (webtiles) character file.

Game seed: 11118463023643660986

35850 dolemite99 the Geomancer (level 13, -7/64 HPs)
             Began as a Gargoyle Earth Elementalist on Aug 9, 2021.
             Was a High Priest of Dithmenos.
             Mangled by an apocalypse crab (9 damage)
             ... on level 2 of the Abyss.
             The game lasted 00:44:31 (21009 turns).

dolemite99 the Geomancer (GrEE)                    Turns: 21009, Time: 00:44:32

Health: -7/64      AC:  0    Str:  9      XL:     13   Next: 86%
Magic:  1/19       EV: 18    Int: 14 (16) God:    Dithmenos [*****.]
Gold:   426        SH:  0    Dex: 12 (15) Spells: 10/20 levels left

rFire    . . .     SeeInvis .   (weapon currently unavailable)
rCold    . . .     Faith    .   (shield currently unavailable)
rNeg     + . .     Spirit   .   (armour currently unavailable)
rPois    ∞         Reflect  .   (helmet currently unavailable)
rElec    .         Harm     .   (cloak currently unavailable)
rCorr    .         Rampage  .   (gloves currently unavailable)
Will     .....     Rnd*Tele +   (boots currently unavailable)
Stlth    +++.......             p - amulet of regeneration
HPRegen  1.20/turn              (ring currently unavailable)
MPRegen  0.16/turn              (ring currently unavailable)

@: bat-form, flying, slightly contaminated, slowed, wreathed by umbra, invisible
(expiring), quick
A: fast, flying, no casting, sickness immunity, AC +9, tiny, negative energy
resistance 1, (electricity resistance), torment resistance 1, petrification
resistance, deterioration 2, ([deformed body]), dopey 1[+1], [frail 2],
[screaming 2], [teleportitis 2], [weak 2], [no potion heal 2], [subdued magic 3]
a: Renounce Religion, Shadow Step, Shadow Form


You were on level 2 of the Abyss.
You worshipped Dithmenos.
Dithmenos was extremely pleased with you.
You were a bat.
You visited 1 branch of the dungeon, and saw 14 of its levels.
You visited the Abyss 1 time.

You collected 845 gold pieces.
You spent 419 gold pieces at shops.

Inventory:

Hand Weapons
 a - a +6 flail of electrocution (melded)
 b - the +7 shortbow "Cucoegokk" {flame, rPois rC+}
   (You found it on level 9 of the Dungeon)

   Any ammunition fired from it burns those it strikes, dealing additional fire
   damage.
   rC:        It protects you from cold.
   rPois:     It protects you from poison.
 g - a +0 dagger of venom
 m - a +0 trident of venom
 F - a +2 vampiric falchion
 H - a +2 long sword of holy wrath
Missiles
 l - 32 poisoned darts
 n - 407 arrows
 G - 3 javelins
 J - 8 atropa-tipped darts
 K - a throwing net
 R - a curare-tipped dart
Armour
 j - a +1 cloak (melded)
 q - a +1 pair of gloves (melded)
 y - +0 pearl dragon scales (melded)
 E - a +0 hat (melded)
 L - a +1 kite shield of fire resistance
 M - a +0 buckler of reflection (melded)
Magical Staves
 o - a staff of conjuration
 z - a staff of air
Jewellery
 p - an amulet of regeneration (around neck)
 x - a ring of flight
 I - a +6 ring of dexterity (melded)
 N - a ring of ice
 P - a +6 ring of intelligence (melded)
Wands
 r - a wand of flame (21)
 w - a wand of digging (10)
 Q - a wand of paralysis (1)
Scrolls
 c - a scroll of blinking
 s - 2 scrolls of amnesia
 v - a scroll of teleportation
Potions
 d - 2 potions of cancellation
 e - 2 potions of attraction
 i - 2 potions of brilliance
 k - 2 potions of lignification
 u - 2 potions of flight {unknown}
 A - 2 potions of might {unknown}
 B - a potion of degeneration {unknown}
 C - 4 potions of curing
 D - a potion of haste {unknown}
Miscellaneous
 f - a phantom mirror (inert)
 t - a tin of tremorstones (inert)


   Skills:
 + Level 9.2 Fighting
 - Level 7.2 Maces & Flails
 - Level 4.6 Bows
 + Level 8.5 Armour
 - Level 1.5 Dodging
 - Level 2.1 Stealth
 - Level 7.8 Shields
 - Level 4.4 Spellcasting
 + Level 8.7 Conjurations
 - Level 0.7 Transmutations
 - Level 13.5 Earth Magic
 - Level 7.0 Invocations
 - Level 6.3 Evocations


You had 10 spell levels left.
You knew the following spells:

 Your Spells              Type           Power      Damage    Failure   Level
a - Sandblast             Erth           42%        2d11      0%          1
b - Stone Arrow           Conj/Erth      36%        3d9       1%          3
c - Passwall              Tmut/Erth      10%        N/A       1%          2
d - Petrify               Tmut/Erth      12%        N/A       4%          4

Your spell library contained the following spells:

 Spells                   Type           Power      Damage    Failure   Level
 Magic Dart               Conj           56%        1d5       1%          1
 Static Discharge         Conj/Air       8%         N/A       1%          2
 Corona                   Hex            1%         N/A       11%         1
 Summon Small Mammal      Summ           4%         N/A       11%         1
 Ensorcelled Hibernation  Hex/Ice        2%         N/A       17%         2
 Sticky Flame             Conj/Fire      8%         2d3       19%         4
 Call Canine Familiar     Summ           1%         N/A       36%         3
 Gell's Gravitas          Tloc           0%         N/A       36%         3
 Lesser Beckoning         Tloc           0%         N/A       36%         3
 Portal Projectile        Hex/Tloc       2%         N/A       36%         3
 Summon Guardian Golem    Hex/Summ       1%         N/A       36%         3
 Teleport Other           Tloc           1%         N/A       36%         3
 Tukima's Dance           Hex            1%         N/A       36%         3
 Irradiate                Conj/Tmut      4%         3d15      45%         5
 Dispel Undead            Necr           1%         3d6       80%         4
 Blade Hands              Tmut           1%         N/A       96%         5
 Excruciating Wounds      Necr           0%         N/A       99%         5
 Sublimation of Blood     Necr           Unusable   N/A       N/A         2

Dungeon Overview and Level Annotations

Branches:
Dungeon (14/15)            Temple (0/1) D:6            Lair (0/6) D:11
    Orc (0/2) D:9
 Vaults: D:13-14

Altars:
Ashenzari
Dithmenos
Hepliaklqana
Vehumet
Xom
The Shining One
Beogh

Shops:
D:3 [

Annotations:
D:14 Agnes


Innate Abilities, Weirdness & Mutations

You are a bat.
You are tiny and dextrous.
You move quickly.
You are flying.
Your equipment is almost entirely melded.
You are incapable of wielding weapons or throwing items.
You cannot cast spells.
You are immune to sickness and miasma.
((Your stone body is resilient. (AC +9)))
You are immune to poison.
You resist negative energy. (rN+)
((You are resistant to electric shocks. (rElec)))
You are resistant to unholy torment.
You are immune to petrification.
Your body often deteriorates upon taking damage.
[((Armour fits poorly on your strangely shaped body.))]
[You are very dopey. (Int -4)]
[You are very frail. (-20% HP)]
[You frequently scream uncontrollably at your foes.]
[You are sometimes teleported next to monsters.]
[You are very weak. (Str -4)]
[Potions cannot restore your health.]
[Your spells are much easier to cast, but much less powerful.]


Message History

The wretched star glows turbulently.
The lance of force hits you!!
Ouch! That really hurt!
* * * LOW HITPOINT WARNING * * *
Your body deteriorates!
You feel clumsy.
You emit a cloud of dark smoke.
* * * LOW HITPOINT WARNING * * *
The apocalypse crab breathes chaos at you.
The blast of chaos engulfs you!
You turn into a bat.
Your +6 flail of electrocution melds into your body.
Your +1 cloak melds into your body.
Your +0 hat melds into your body.
Your +1 pair of gloves melds into your body.
Your +0 buckler of reflection melds into your body.
Your +0 pearl dragon scales melds into your body.
Your +6 ring of dexterity melds into your body.
Your +6 ring of intelligence melds into your body.
Your +6 flail of electrocution stops crackling.
You feel clumsy.
You feel stupid.
The wretched star pulses with an eldritch light!
You feel stupid.
Your system partially rejects the healing effects of potions.
Your system completely rejects the healing effects of potions.
You flicker for a moment.
The apocalypse crab breathes chaos at you.
The blast of chaos engulfs you.
* * * LOW HITPOINT WARNING * * *
You hit the apocalypse crab but do no damage.
The apocalypse crab is moderately wounded.
The apocalypse crab closely misses you. The apocalypse crab claws you.
* * * LOW HITPOINT WARNING * * *
You fade further into invisibility.
You are lightly contaminated with residual magic.
You barely miss the wretched star.
The wretched star is heavily damaged.
Your shadow completely misses the wretched star.
The apocalypse crab completely misses you.
The apocalypse crab claws you!
* * * LOW HITPOINT WARNING * * *
The apocalypse crab shocks you!
You die...

#≈≈....
≈≈.....
≈......
≈.... ≈...
≈.#.#
##§≈..#
###§# #§b§#
#§t*#
#§§..#
#.....# #
#.......##
#.....#.# #
#........#
#
...........
..#.....
.... #


You could see a wretched star (fast) and an apocalypse crab.

Vanquished Creatures
  Gastronok (D:8)
  A blizzard demon (Abyss:2)
  Fannar (D:11)
  3 boulder beetles
  An ogre mage (D:12)
  5 two-headed ogres
  2 centaur warriors (D:13)
  Sonja (D:13)
  A deep elf zephyrmancer (D:12)
  2 wizards (D:14)
  2 deep elf pyromancers (D:13)
  An ugly thing (D:13)
  2 manticores
  A worldbinder (Abyss:2)
  3 cyclopes
  A rust devil (Abyss:2)
  6 smoke demons (Abyss:2)
  A gargoyle (D:11)
  3 kobold demonologists (D:9)
  2 hellwings (Abyss:2)
  2 efreet
  A tengu conjurer (D:14)
  An ancient zyme (Abyss:2)
  3 trolls
  A hornet (D:8)
  Grinder (D:4)
  4 slime creatures (D:12)
  3 large abominations (Abyss:2)
  3 ynoxinuls (Abyss:2)
  3 vampires
  3 wraiths
  22 yaks
  9 small abominations (Abyss:2)
  16 vampire mosquitoes (D:13)
  Edmund (D:6)
  2 acid dragons
  Menkaure (D:7)
  Duvessa (D:6)
  4 water moccasins
  10 orc warriors
  4 black bears
  An ice beast (D:6)
  A sky beast (D:6)
  2 ogres
  5 starcursed masses (Abyss:2)
  2 necrophages (D:4)
  11 centaurs
  A phantom (D:5)
  2 kobold brigands (D:7)
  3 bullfrogs
  3 gnoll sergeants
  Dowan (D:6)
  A wyvern skeleton (D:4)
  A water moccasin zombie (D:6)
  6 killer bees
  An electric eel (D:7)
  10 howler monkeys
  7 wights
  A bullfrog zombie (D:5)
  A jelly (D:6)
  A centaur zombie (D:9)
  A centaur skeleton (D:7)
  8 orc priests
  4 hounds
  A gnoll shaman (D:5)
  6 orc wizards
  A scorpion zombie (D:5)
  A killer bee zombie (D:8)
  A hound zombie (D:5)
  A hound skeleton (D:4)
  A howler monkey skeleton (D:5)
  6 adders
  22 gnolls
  2 white imps
  2 ufetubi
  2 worms
  A dart slug (D:2)
  30 orcs
  3 ball pythons (D:4)
  4 bats
  11 endoplasms
  4 giant cockroaches
  5 goblins
  3 hobgoblins
  4 jackals (D:4)
  2 quokkas
  6 frilled lizards
  23 kobolds
  3 rats
354 creatures vanquished.

Vanquished Creatures (collateral kills)
  A wight (D:10)
  An orc priest (D:10)
  A gnoll shaman (D:9)
  A gnoll (D:9)
4 creatures vanquished.

Vanquished Creatures (others)
  51 fungi (D:11)
  49 plants (D:11)
100 creatures vanquished.

Grand Total: 458 creatures vanquished

Notes
Turn   | Place    | Note
-------+----------+-------------------------------------------
     0 | D:1      | dolemite99 the Gargoyle Earth Elementalist began the quest
                  | for the Orb.
     0 | D:1      | Reached XP level 1. HP: 10/10 MP: 3/3
   208 | D:1      | Reached skill level 4 in Earth Magic
   300 | D:1      | Reached XP level 2. HP: 15/15 MP: 1/5
  1303 | D:2      | Found a faded altar of an unknown god.
  1508 | D:2      | Got Plato's Collected Works on Combat Magic
  1513 | D:2      | Became a worshipper of Dithmenos the Shadowed
  1513 | D:2      | Reached * piety under Dithmenos
  1521 | D:2      | Reached XP level 3. HP: 19/19 MP: 2/6
  1562 | D:2      | Reached skill level 5 in Earth Magic
  2568 | D:3      | Found a radiant altar of Vehumet.
  2627 | D:3      | Reached XP level 4. HP: 24/24 MP: 3/7
  2740 | D:3      | Reached skill level 6 in Earth Magic
  2995 | D:3      | Found Loumufus's Antique Armour Shoppe.
  3005 | D:3      | Bought a dyed leather armour for 105 gold pieces
  3342 | D:3      | Found a large runed translucent door.
  3342 | D:3      | Found a large runed translucent door.
  3342 | D:3      | Found a shimmering altar of Xom.
  3644 | D:4      | Noticed a necrophage
  3652 | D:4      | Killed a necrophage
  3653 | D:4      | Reached skill level 7 in Earth Magic
  3653 | D:4      | Reached XP level 5. HP: 28/28 MP: 1/8
  3820 | D:4      | Reached ** piety under Dithmenos
  3821 | D:4      | Reached skill level 8 in Earth Magic
  3821 | D:4      | Reached XP level 6. HP: 25/32 MP: 5/9
  4341 | D:4      | Noticed Grinder
  4352 | D:4      | Killed Grinder
  4353 | D:4      | Reached XP level 7. HP: 32/36 MP: 4/13
  4374 | D:3      | Learned a level 3 spell: Stone Arrow
  4658 | D:4      | Reached skill level 1 in Conjurations
  5511 | D:5      | Entered Level 5 of the Dungeon
  5835 | D:5      | Reached XP level 8. HP: 37/41 MP: 10/14
  6186 | D:5      | Reached skill level 5 in Conjurations
  6304 | D:5      | Found a shadowy altar of Dithmenos.
  6815 | D:5      | Learned a level 2 spell: Passwall
  6820 | D:5      | Learned a level 4 spell: Petrify
  6976 | D:6      | Found a staircase to the Ecumenical Temple.
  6979 | D:6      | Noticed Edmund
  6992 | D:6      | Killed Edmund
  7246 | D:6      | Noticed Dowan
  7268 | D:6      | Noticed Duvessa
  7314 | D:6      | Killed Duvessa
  7315 | D:6      | Reached XP level 9. HP: 36/48 MP: 11/15
  7318 | D:6      | Killed Dowan
  7460 | D:6      | Learned a level 1 spell: Sandblast
  7577 | D:6      | Found a broken altar of Ashenzari.
  7937 | D:6      | Found a hazy altar of Hepliaklqana.
  8399 | D:7      | Reached skill level 1 in Armour
  8777 | D:8      | Reached *** piety under Dithmenos
  9243 | D:7      | Reached skill level 5 in Armour
  9507 | D:7      | Noticed Menkaure
  9509 | D:7      | Killed Menkaure
  9652 | D:7      | Reached skill level 5 in Fighting
 10136 | D:8      | Noticed a hornet
 10147 | D:8      | Killed a hornet
 10148 | D:8      | Reached XP level 10. HP: 60/60 MP: 9/16
 10299 | D:8      | Reached skill level 1 in Maces & Flails
 10629 | D:8      | Noticed Gastronok
 10650 | D:8      | Killed Gastronok
 10964 | D:9      | Found a staircase to the Orcish Mines.
 10994 | D:9      | Reached skill level 1 in Evocations
 11092 | D:9      | Reached **** piety under Dithmenos
 11402 | D:9      | Reached XP level 11. HP: 53/64 MP: 17/17
 11618 | D:9      | Noticed a two-headed ogre
 11626 | D:9      | Killed a two-headed ogre
 11627 | D:9      | Reached skill level 5 in Evocations
 12031 | D:9      | Found a shimmering altar of Xom.
 12034 | D:9      | Found a shimmering altar of Xom.
 12035 | D:9      | Found a shimmering altar of Xom.
 12035 | D:9      | Found a shimmering altar of Xom.
 12037 | D:9      | Found a shimmering altar of Xom.
 12037 | D:9      | Found a shimmering altar of Xom.
 12038 | D:9      | Found a shimmering altar of Xom.
 12038 | D:9      | Found a shimmering altar of Xom.
 12038 | D:9      | Found a shimmering altar of Xom.
 12041 | D:9      | Found a shimmering altar of Xom.
 12187 | D:9      | Found a glowing golden altar of the Shining One.
 12250 | D:9      | Identified the +7 shortbow "Cucoegokk" {flame, rPois rC+}
 12453 | D:9      | Noticed a sixfirhy
 13017 | D:10     | Entered Level 10 of the Dungeon
 13197 | D:10     | Noticed a two-headed ogre
 13201 | D:10     | Killed a two-headed ogre
 13741 | D:11     | Reached skill level 9 in Earth Magic
 13947 | D:11     | Reached skill level 10 in Earth Magic
 14567 | D:11     | Noticed a manticore
 14572 | D:11     | Killed a manticore
 14573 | D:11     | Reached skill level 11 in Earth Magic
 14850 | D:11     | Noticed a two-headed ogre
 14859 | D:11     | Killed a two-headed ogre
 14860 | D:11     | Reached XP level 12. HP: 71/71 MP: 8/18
 14939 | D:11     | Found a staircase to the Lair.
 14973 | D:11     | Reached ***** piety under Dithmenos
 15074 | D:11     | Noticed Fannar
 15091 | D:11     | Killed Fannar
 15869 | D:11     | Reached skill level 1 in Invocations
 16480 | D:3      | Bought a glowing cloak for 157 gold pieces
 16506 | D:3      | Bought a pair of embroidered gloves for 157 gold pieces
 17231 | D:12     | Reached skill level 12 in Earth Magic
 17242 | D:12     | Noticed a two-headed ogre
 17251 | D:12     | Killed a two-headed ogre
 17312 | D:12     | Noticed a boulder beetle
 17323 | D:12     | Killed a boulder beetle
 17549 | D:12     | Noticed an ogre mage
 17559 | D:12     | Killed an ogre mage
 17562 | D:12     | Reached skill level 5 in Shields
 18642 | D:13     | Noticed a centaur warrior
 18667 | D:13     | Killed a centaur warrior
 18676 | D:13     | Reached XP level 13. HP: 66/78 MP: 0/19
 18839 | D:13     | Identified a scroll of acquirement
 19038 | D:13     | Noticed Sonja
 19042 | D:13     | Killed Sonja
 19162 | D:13     | Reached skill level 13 in Earth Magic
 19865 | D:14     | Noticed Agnes
 19936 | D:14     | Cast into level 2 of the Abyss (a wizard)
 19994 | Abyss:2  | Acquired a +6 ring of intelligence
 20018 | Abyss:2  | Gained mutation: Your body sometimes deteriorates upon
                  | taking damage. [a neqoxec]
 20019 | Abyss:2  | Gained mutation: [You are dopey. (Int -2)] [a neqoxec]
 20020 | Abyss:2  | Gained mutation: Your body often deteriorates upon taking
                  | damage. [a neqoxec]
 20079 | Abyss:2  | Reached skill level 5 in Invocations
 20090 | Abyss:2  | Noticed a bone dragon
 20726 | Abyss:2  | Noticed a blizzard demon
 20727 | Abyss:2  | Noticed a starcursed mass
 20741 | Abyss:2  | Killed a blizzard demon
 21009 | Abyss:2  | HP: 2/64 [apocalypse crab (9)]
 21009 | Abyss:2  | Mangled by an apocalypse crab

Illustrated notes

Levels and vault maps discovered:
D:1:      elethiomel_arrival_maze, layout_basic
D:2:      layout_loops_ring, shapermc_ecumenical_altar_rom_forum
D:3:      due_chaos_kobolds, layout_basic, mainiacjoe_overflow_six_doors_small,
          serial_shops, nicolae_shop_waterfront
D:4:      layout_gridville, uniq_grinder
D:5:      layout_basic, grunt_dithmenos_shadows
D:6:      layout_rooms, lemuel_coloured_pillars_altar,
          mainiacjoe_overflow_catwalk, minmay_temple_entry_statues,
          uniq_duvessa, uniq_edmund
D:7:      nicolae_whirlpool, layout_basic, nicolae_lava_and_water, uniq_menkaure
D:8:      layout_gridville, uniq_gastronok
D:9:      layout_basic, xom_redecorated, old_standard_altar,
          minmay_orc_entry_temple_large, st_stairs_3, kennysheep_potato
D:10:     layout_small_grid, hangedman_decor_riveting
D:11:     layout_basic, due_lair_maze_entry_diamond, uniq_fannar
D:12:     minmay_cornered_nines, layout_basic, hangedman_decor_slide_cut
D:13:     layout_irregular_city, uniq_sonja
D:14:     minmay_tri_stars, layout_rooms, david_vaults_1, serial_shops, shop,
          good_gods_mini_temple, uniq_agnes
Abyss:2:  base: D:9, hangedman_steaming_rock,
          eino_small_chamber_without_monster, hangedman_abyss_shoalhut

Skill      XL: |  1  2  3  4  5  6  7  8  9 10 11 12 13 |
---------------+----------------------------------------+-----
Earth Magic    | 4 5 7 8 11 12 13 | 13.5
Spellcasting   | 4 |  4.4
Conjurations   | 4 8 |  8.7
Fighting       | 2 5 6 7 9 |  9.2
Armour         | 6 7 8 |  8.5
Maces & Flails | 7 |  7.2
Evocations     | 3 5 6 |  6.3
Bows           | 4 |  4.6
Shields        | 5 7 |  7.8
Invocations    | 2 7 |  7.0
Dodging        | |  1.5
Stealth        | |  2.1
Transmutations | |  0.7

Action                   |  1- 3 |  4- 6 |  7- 9 | 10-12 | 13-15 || total
-------------------------+-------+-------+-------+-------+-------++-------
Melee: Short sword       |       |     1 |       |       |       ||     1
       Trident           |       |     9 |    46 |       |       ||    55
       Flail             |       |       |    11 |   135 |   206 ||   352
       Long sword        |       |       |       |       |     4 ||     4
       Unarmed           |       |       |       |       |     2 ||     2
 Fire: Shortbow          |       |       |    48 |   150 |       ||   198
Throw: Dart              |       |     2 |    30 |    85 |    58 ||   175
       Stone             |       |     1 |       |       |       ||     1
       Throwing net      |       |       |       |     1 |     2 ||     3
       Javelin           |       |       |       |       |    13 ||    13
 Cast: Sandblast         |    53 |    52 |   101 |   104 |    43 ||   353
       Stone Arrow       |       |       |    25 |   108 |    23 ||   156
Evoke: Wand              |       |       |     1 |    15 |     8 ||    24
       Tin of tremorston |       |       |       |     3 |     1 ||     4
       Phantom mirror    |       |       |       |     2 |     1 ||     3
  Use: Scroll            |       |     7 |     6 |     6 |     5 ||    24
       Potion            |       |     1 |       |     2 |     6 ||     9
 Stab: Paralysed         |       |       |       |     6 |     6 ||    12
Armor: Robe              |     8 |       |       |       |       ||     8
       Leather armour    |       |    31 |    52 |       |       ||    83
       Pearl dragon scal |       |       |    35 |   178 |   238 ||   451
Dodge: Dodged            |    12 |    76 |   118 |   182 |   161 ||   549
Block: Buckler           |       |       |       |    40 |    95 ||   135
       Reflection        |       |       |       |     6 |     5 ||    11
